 Dungeon Crawl Stone Soup version 0.25.0-26-g0c896c7088 (webtiles) character file.

Game seed: 16943855560712104295

142 Exodus22XD the Poker (level 5, -4/40 HPs)
             Began as a Demonspawn Gladiator on July 4, 2020.
             Slain by Sigmund
             ... wielding a +5 scythe of protection
              (9 damage)
             ... on level 3 of the Dungeon.
             The game lasted 00:04:39 (2537 turns).

Exodus22XD the Poker (Demonspawn Gladiator)         Turns: 2537, Time: 00:04:39

Health: -4/40      AC:  7    Str: 15    XL:     5   Next: 3%
Magic:  5/5        EV: 12    Int: 10    God:
Gold:   51         SH:  0    Dex: 14    Spells: 4/4 levels left

rFire    . . .     SeeInvis .   a - +0 trident
rCold    . . .     Gourm    .   (no shield)
rNeg     . . .     Faith    .   r - +0 scale mail
rPois    .         Spirit   .   c - +0 helmet
rElec    .         Reflect  .   (no cloak)
rCorr    .         Harm     .   (no gloves)
MR       .....                  (no boots)
Stlth    +.........             (no amulet)
HPRegen  0.13/turn              (no ring)
MPRegen  0.09/turn              (no ring)

@: no status effects
A: talons 1, sturdy frame 2
a: no special abilities


You were on level 3 of the Dungeon.
You were very hungry.

You visited 1 branch of the dungeon, and saw 3 of its levels.

You collected 51 gold pieces.

Inventory:

Hand Weapons
 a - a +0 trident (weapon)
Missiles
 d - 3 throwing nets (quivered)
Armour
 c - a +0 helmet (worn)
 r - a +0 scale mail (worn)
Scrolls
 h - a scroll of immolation
 i - a scroll of blinking
 p - a scroll of amnesia {unknown}
Potions
 e - a potion of mutation
 g - a potion of resistance
 j - 2 potions of stabbing
 k - a potion of heal wounds
 m - 2 potions of haste
 q - a potion of might {unknown}
Comestibles
 f - 3 rations


   Skills:
 + Level 2.9 Fighting
 + Level 4.2 Polearms
 - Level 1.7 Throwing
 + Level 0.7 Armour
 + Level 3.2 Dodging
 + Level 0.6 Stealth


You had 4 spell levels left.
You didn't know any spells.
Your spell library contained the following spells:

 Spells                   Type           Power        Failure   Level  Hunger
 Summon Small Mammal      Summ           #...         52%         1    ##.....
 Call Imp                 Summ           #.......     67%         2    ###....
 Call Canine Familiar     Summ           #.......     88%         3    ####...
 Summon Guardian Golem    Hex/Summ       #.......     88%         3    ####...
 Summon Ice Beast         Ice/Summ       #.......     99%         4    #####..
 Summon Lightning Spire   Summ/Air       #.......     99%         4    #####..


Dungeon Overview and Level Annotations

Branches:
Dungeon (3/15)

Altars:

Annotations:
D:3 Sigmund


Innate Abilities, Weirdness & Mutations

You have sharp toenails.
Your movements are less encumbered by armour. (ER -4)


Message History

* * * LOW HITPOINT WARNING * * *
Blink to where?
Press: ? - help, Dir - move target cursor, f - you
Okay, then.
You feel much better. Something hits you!
You closely miss something. You miss something. You claw something.
You hear some strange, mumbled words.
You are confused.
You bump into the rock wall.
Something hits you.
Your scale mail prevents you from hitting something.
Something hits you!
* * * LOW HITPOINT WARNING * * *
You completely miss something. Your kick misses something.
You barely miss something. Something hits you.
* * * LOW HITPOINT WARNING * * *
You're too confused to move!
You feel less confused. Something hits you!
You die...

##....#########.....#
##............>#.(...#
#.......#........#
.........##.###.#.#
.........##.# #.#.#
#.#.....###.# #.#.#
#.##...## #.# #.#.#
##.# ..# #.#.# .. ..#
#@#.# ##. #.# #{#.#
#.# #o# #w# ........#
......... .##.......
#........ ##
#........s .


You could see a dart slug and an orc.

Vanquished Creatures
  An orc wizard (D:2)
  5 adders
  An ooze (D:1)
  2 worms (D:2)
  A dart slug (D:2)
  3 leopard geckos
  2 orcs (D:3)
  5 giant cockroaches
  10 goblins
  4 jackals (D:3)
  6 kobolds
  3 bats
  6 frilled lizards
  7 rats
56 creatures vanquished.

Notes
Turn   | Place    | Note
-------+----------+-------------------------------------------
     0 | D:1      | Exodus22XD the Demonspawn Gladiator began the quest for the
                  | Orb.
     0 | D:1      | Reached XP level 1. HP: 16/16 MP: 1/1
   353 | D:1      | Reached skill level 3 in Polearms
   364 | D:1      | Gained mutation: You have sharp toenails. [demonic
                  | ancestry]
   364 | D:1      | Reached XP level 2. HP: 22/22 MP: 2/2
   904 | D:2      | Gained mutation: Your movements are slightly less
                  | encumbered by armour. (ER -2) [demonic ancestry]
   904 | D:2      | Reached XP level 3. HP: 23/27 MP: 3/3
  1365 | D:2      | Gained mutation: Your movements are less encumbered by
                  | armour. (ER -4) [demonic ancestry]
  1365 | D:2      | Reached XP level 4. HP: 34/34 MP: 4/4
  1576 | D:3      | Noticed Sigmund
  2013 | D:3      | Reached skill level 4 in Polearms
  2307 | D:2      | Reached XP level 5. HP: 13/40 MP: 5/5
  2537 | D:3      | Slain by Sigmund

Illustrated notes

Levels and vault maps discovered:
D:1:      lightli_molten_gateway, layout_loops_ring
D:2:      layout_basic
D:3:      layout_loops_ring, old_standard_altar, nicolae_overflow_hidden_temple,
          gup_sewer_entry_bowl, uniq_sigmund

Skill      XL: |  1  2  3  4 |
---------------+-------------+-----
Polearms       | 3 4 |  4.2
Dodging        | 3 |  3.2
Fighting       | |  2.9
Throwing       | |  1.7
Armour         | |  0.7
Stealth        | |  0.6

Action                   |  1- 3 |  4- 6 || total
-------------------------+-------+-------++-------
Melee: Trident           |   114 |    99 ||   213
       Kick              |    13 |    21 ||    34
  Use: Scroll            |       |     8 ||     8
       Potion            |       |     1 ||     1
 Stab: Sleeping          |     4 |     1 ||     5
       Distracted        |     1 |       ||     1
  Eat: Chunk             |     2 |     2 ||     4
Armor: Leather armour    |    13 |     1 ||    14
       Scale mail        |       |    21 ||    21
Dodge: Dodged            |    58 |    54 ||   112
